 Dungeon Crawl Stone Soup version 0.27.1-34-g3ba077fa99 (webtiles) character file.

Game seed: 4413376471592519166

2035 hawla the Zephyrmancer (level 9, -3/100 HPs)
             Began as a Yellow Draconian Conjurer on Jan 20, 2022.
             Was a Believer of Vehumet.
             Slain by Pikel (9 damage)
             ... on level 7 of the Dungeon.
             The game lasted 00:18:47 (6578 turns).

hawla the Zephyrmancer (Yellow Draconian Conjurer)  Turns: 6578, Time: 00:18:48

Health: -3/100     AC: 24    Str: 10    XL:     9   Next: 4%
Magic:  4/24       EV:  2    Int: 21    God:    Vehumet [**....]
Gold:   279        SH:  0    Dex: 10    Spells: 9/16 levels left

rFire    . . .     SeeInvis .   y - +1 dagger (venom)
rCold    . . .     Faith    .   (no shield)
rNeg     + + +     Spirit   .   (armour unavailable)
rPois    +         Reflect  .   (helmet currently unavailable)
rElec    .         Harm     .   (cloak currently unavailable)
rCorr    .         Rampage  .   (gloves currently unavailable)
Will     .....     NoTele   +   (boots currently unavailable)
Stlth    ++........             k - amulet of the acrobat
HPRegen  0.26/turn              i - ring of magical power
MPRegen  0.19/turn              c - +4 ring of evasion

@: tree-form
A: stationary, stasis, torment immunity, boosted hp, (spit acid), AC +7,
unfitting armour, (cold-blooded), (acid resistance)
a: Renounce Religion


You were on level 7 of the Dungeon.
You worshipped Vehumet.
Vehumet was pleased with you.
You were a tree.
You visited 1 branch of the dungeon, and saw 7 of its levels.

You collected 279 gold pieces.

Inventory:

Hand Weapons
 s - a +3 quarterstaff of chaos
 y - a +1 dagger of venom (weapon)
Missiles
 f - 2 throwing nets
 l - 22 boomerangs (quivered)
 r - 24 poisoned darts
Armour
 g - a +0 pair of boots (melded)
 n - a scarf of repulsion (melded)
Magical Staves
 o - a staff of cold
Jewellery
 c - a +4 ring of evasion (right branch)
 i - a ring of magical power (left branch)
 j - a +6 ring of dexterity
 k - an amulet of the acrobat (around neck)
Wands
 w - a wand of paralysis (8)
Scrolls
 m - 3 scrolls of magic mapping
 t - a scroll of blinking
Potions
 a - 4 potions of brilliance
 e - a potion of might
 h - a potion of lignification
 p - a potion of berserk rage
 q - 3 potions of curing
 u - 2 potions of resistance {unknown}


   Skills:
 - Level 2.0 Fighting
 - Level 2.0 Throwing
 - Level 2.0 Dodging
 - Level 2.0 Stealth
 - Level 4.0 Spellcasting
 - Level 5.0 Conjurations
 - Level 5.0 Translocations
 - Level 1.0 Ice Magic
 + Level 8.3 Air Magic
 - Level 2.0 Evocations


You had 9 spell levels left.
You knew the following spells:

 Your Spells              Type           Power      Damage    Failure   Level
a - Magic Dart            Conj           100%       1d8       1%          1
b - Searing Ray           Conj           50%        3d5       2%          2
c - Iskenderun's Mystic   Conj/Tloc      25%        2d7       16%         4

Your spell library contained the following spells:

 Spells                   Type           Power      Damage    Failure   Level
 Shock                    Conj/Air       100%       1d9       1%          1
 Swiftness                Air            39%        N/A       1%          3
 Beastly Appendage        Tmut           8%         N/A       12%         1
 Dazzling Flash           Conj/Hex       28%        N/A       13%         3
 Passwall                 Tmut/Erth      3%         N/A       19%         2
 Wereblood                Tmut           4%         N/A       19%         2
 Spider Form              Tmut/Pois      2%         N/A       34%         3
 Fulminant Prism          Conj/Hex       7%         3d7       38%         4
 Invisibility             Hex            2%         N/A       100%        6


Dungeon Overview and Level Annotations

Branches:
Dungeon (7/15)             Temple (0/1) D:4

Altars:
Ashenzari
Gozag
Kikubaaqudgha
Nemelex Xobeh
Ru
Vehumet
Zin

Shops:
D:1 :   D:2 =

Annotations:
D:2 dig the scroll
D:7 Pikel


Innate Abilities, Weirdness & Mutations

You are a tree.
Your roots penetrate the ground, keeping you stationary.
You cannot be teleported.
You are immune to unholy pain and torment.
Your maximum health is greatly increased.
Your equipment is partially melded.
((You can spit globs of acid.))
((Your golden yellow scales are hard. (AC +7)))
You cannot fit into any form of body armour.
((You are cold-blooded and may be slowed by cold attacks.))
((You are resistant to acid. (rCorr)))


Message History

Pikel completely misses you. The lemure completely misses you.
The lemure misses you. The lemure completely misses you. x2
Pikel hits you with a +1 whip of electrocution.
You barely miss Pikel.
Pikel is moderately wounded.
The lemure hits you. The lemure hits you!
* * * LOW HITPOINT WARNING * * *
The lemure misses you. x2; Pikel barely misses you.
You hit Pikel.
Pikel looks as sick as possible!
Pikel is heavily wounded.
The lemure hits you.
* * * LOW HITPOINT WARNING * * *
The lemure misses you. x3; Pikel hits you but does no damage.
The lemure misses you. The lemure barely misses you.
The lemure completely misses you. x2; Pikel completely misses you.
The lemure completely misses you. x2; The lemure misses you.
The lemure barely misses you. Pikel misses you. The lemure hits you.
* * * LOW HITPOINT WARNING * * *
The lemure completely misses you. The lemure hits you.
* * * LOW HITPOINT WARNING * * *
The lemure completely misses you. Pikel barely misses you.
Really quaff the potion of lignification?
You turn into a tree.
Your scarf of repulsion melds into your body.
Your +0 pair of boots melds into your body.
The haze of the repulsion field disappears.
Your roots penetrate the ground.
The lemure hits you but does no damage. x4
Pikel hits you but does no damage.
You are electrocuted!
* * * LOW HITPOINT WARNING * * *
You feel better.
The lemure hits you but does no damage. x4
Pikel hits you with a +1 whip of electrocution.
* * * LOW HITPOINT WARNING * * *
You hit Pikel but do no damage.
Pikel looks as sick as possible!
Pikel is almost dead.
The lemure hits you but does no damage. x2; The lemure barely misses you.
The lemure hits you but does no damage. Pikel hits you but does no damage.
You are electrocuted!
You die...

#..##..##.##
#######..##..##.###
.....#...'....#...#
.....#...#....'††.#
.....#...#....#...#
#..####..######'###
.........##..##..####'##
.......#..#..#..5......#
.....##...'..#.5♣K.....#
....#.#...#..#..55.....#
..##.#....#..#.........#
.#.##....######..##...##
#.#.#....##########...#
#.#.............#....#
#..............+....#
........#.###...##..##
.........#####...##..##


You could see Pikel (extremely poisoned) and 4 lemures.

Vanquished Creatures
  Grinder (D:3)
  A yak (D:7)
  A water moccasin (D:7)
  An ice beast (D:4)
  An orc warrior (D:4)
  A black bear (D:6)
  An ogre (D:4)
  A necrophage (D:7)
  2 centaurs
  A kobold brigand (D:5)
  A water moccasin skeleton (D:6)
  5 howler monkeys
  A centaur zombie (D:6)
  2 jellies
  3 orc priests (D:5)
  A bullfrog skeleton (D:6)
  3 hounds
  A centaur skeleton (D:4)
  Crazy Yiuf (D:3)
  Jessica (D:3)
  Terence (D:3)
  An iguana (D:4)
  An orc wizard (D:5)
  A killer bee zombie (D:4)
  4 gnolls (D:6)
  3 adders
  A shadow imp (D:6)
  A white imp (D:6)
  An adder skeleton (D:4)
  A worm (D:2)
  4 dart slugs
  19 orcs
  5 ball pythons
  3 bats
  3 endoplasms
  5 giant cockroaches
  7 goblins
  10 hobgoblins
  9 jackals
  4 kobolds
  4 quokkas
  2 frilled lizards
  7 rats
127 creatures vanquished.

Vanquished Creatures (others)
  2 fungi (D:3)
  5 plants (D:1)
7 creatures vanquished.

Grand Total: 134 creatures vanquished

Notes
Turn   | Place    | Note
-------+----------+-------------------------------------------
     0 | D:1      | hawla the Draconian Conjurer began the quest for the Orb.
     0 | D:1      | Reached XP level 1. HP: 14/14 MP: 3/3
   376 | D:1      | Reached XP level 2. HP: 22/22 MP: 0/5
   386 | D:1      | Learned a level 2 spell: Searing Ray
   670 | D:1      | Found Cecirph's Book Emporium.
   750 | D:1      | Reached skill level 1 in Fighting
   937 | D:1      | Reached skill level 1 in Translocations
  1307 | D:2      | Found Copra's Jewellery Shop.
  1334 | D:2      | Found an ancient bone altar of Kikubaaqudgha.
  1355 | D:2      | Reached XP level 3. HP: 28/28 MP: 6/6
  1858 | D:2      | Reached XP level 4. HP: 36/36 MP: 6/8
  2115 | D:3      | Noticed Terence
  2116 | D:3      | Found a faded altar of an unknown god.
  2134 | D:3      | Killed Terence
  2299 | D:3      | Found a radiant altar of Vehumet.
  2305 | D:3      | Became a worshipper of Vehumet
  2373 | D:3      | Noticed Jessica
  2380 | D:3      | Killed Jessica
  2381 | D:3      | Reached XP level 5. HP: 34/41 MP: 8/10
  2446 | D:3      | Noticed Grinder
  2447 | D:3      | Paralysed by Grinder for 2 turns
  2469 | D:3      | Killed Grinder
  2470 | D:3      | Reached skill level 1 in Throwing
  2470 | D:3      | Reached skill level 1 in Evocations
  2470 | D:3      | Reached XP level 6. HP: 27/48 MP: 0/12
  2475 | D:3      | Learned a level 4 spell: Iskenderun's Mystic Blast
  2734 | D:3      | Found a runed translucent door.
  2735 | D:3      | Noticed Crazy Yiuf
  2808 | D:3      | Killed Crazy Yiuf
  2907 | D:4      | Found a sparkling altar of Nemelex Xobeh.
  3089 | D:4      | Your scales start taking on a golden yellow colour.
  3089 | D:4      | Reached XP level 7. HP: 55/55 MP: 5/13
  3089 | D:4      | Gained mutation: You are resistant to acid. (rCorr) [Yellow
                  | Draconian growth]
  3255 | D:4      | Found a staircase to the Ecumenical Temple.
  3422 | D:4      | Found an opulent altar of Gozag.
  3422 | D:4      | Found a glowing silver altar of Zin.
  3804 | D:4      | Found a sacrificial altar of Ru.
  3853 | D:4      | Reached skill level 5 in Conjurations
  3853 | D:4      | Reached skill level 5 in Translocations
  3853 | D:4      | Reached skill level 1 in Ice Magic
  3853 | D:4      | Reached skill level 1 in Air Magic
  4457 | D:5      | Entered Level 5 of the Dungeon
  4482 | D:5      | Reached * piety under Vehumet
  4482 | D:5      | Offered knowledge of Freeze by Vehumet.
  4485 | D:5      | Reached skill level 2 in Air Magic
  4641 | D:5      | Paralysed by an orc priest for 2 turns
  4648 | D:5      | Reached skill level 3 in Air Magic
  4659 | D:4      | Reached XP level 8. HP: 32/61 MP: 5/14
  4867 | D:5      | Reached skill level 4 in Air Magic
  5341 | D:5      | Reached skill level 5 in Air Magic
  5641 | D:6      | Found a broken altar of Ashenzari.
  5995 | D:6      | Reached skill level 6 in Air Magic
  6084 | D:6      | Offered knowledge of Shock by Vehumet.
  6437 | D:7      | Reached skill level 7 in Air Magic
  6481 | D:7      | Reached ** piety under Vehumet
  6551 | D:7      | Reached skill level 8 in Air Magic
  6554 | D:7      | Reached XP level 9. HP: 55/67 MP: 11/15
  6560 | D:7      | Noticed Pikel
  6576 | D:7      | HP: 2/100 [Pikel (14)]
  6578 | D:7      | Slain by Pikel

Illustrated notes

Levels and vault maps discovered:
D:1:      heliophobic_arrival_ceremonial_halls, layout_rooms, serial_shops,
          nicolae_shop_waterfront, serial_forest,
          infiniplex_forest_clump_curved, infiniplex_forest_straight_2,
          infiniplex_forest_lined_ring, infiniplex_forest_end_3,
          infiniplex_forest_join, infiniplex_forest_lined_3, nrook_mini_vaults
D:2:      layout_loops_ring, serial_shops, shop, basic_altar,
          minmay_statues_item, minmay_octomino_j4
D:3:      layout_rooms, nicolae_overflow_crystal_walls,
          shapermc_ecumenical_altar_acropolis, uniq_terence, uniq_jessica,
          uniq_grinder, uniq_crazy_yiuf_cottage
D:4:      layout_basic, grunt_temple_overflow_gold_and_silver, kennysheep_mini,
          nicolae_ru_path_of_blood, minmay_temple_entry_nine_rooms
D:5:      layout_basic
D:6:      layout_basic, cheibrodos_ashenzari_chains
D:7:      layout_gridville, minmay_misc_feat_secret_circle, uniq_pikel

Skill      XL: |  1  2  3  4  5  6  7  8 |
---------------+-------------------------+-----
Stealth        | 2 |  2.0
Dodging        | 2 |  2.0
Fighting       | 1 2 |  2.0
Translocations | 1 2 4 5 |  5.0
Spellcasting   | 3 4 |  4.0
Throwing       | 1 2 |  2.0
Evocations     | 1 2 |  2.0
Conjurations   | 5 |  5.0
Ice Magic      | 1 |  1.0
Air Magic      | 3 8 |  8.3

Action                   |  1- 3 |  4- 6 |  7- 9 || total
-------------------------+-------+-------+-------++-------
Melee: Unarmed           |    39 |       |       ||    39
       Tailslap          |    12 |     9 |    18 ||    39
       Dagger            |    33 |    52 |    50 ||   135
       Quarterstaff      |       |       |   144 ||   144
Throw: Boomerang         |     1 |       |       ||     1
 Cast: Magic Dart        |    17 |     6 |     2 ||    25
       Searing Ray       |    11 |    11 |    11 ||    33
       Iskenderun's Myst |       |     1 |    18 ||    19
  Use: Scroll            |       |     8 |     8 ||    16
       Potion            |       |     3 |     2 ||     5
 Stab: Sleeping          |     3 |       |     3 ||     6
Armor: Skin              |    30 |    24 |    89 ||   143
Dodge: Dodged            |    44 |    59 |   268 ||   371
